 Dungeon Crawl Stone Soup version 0.24-a0-140-gcaa6c10 (webtiles) character file.

Game seed: 10843494128018317579

17 Lanoc the Shield-Bearer (level 2, -6/24 HPs)
             Began as a Formicid Fighter on Mar 4, 2019.
             Mangled by an ogre
             ... wielding a +0 giant club
              (13 damage)
             ... on level 4 of the Dungeon.
             The game lasted 00:00:53 (182 turns).

Lanoc the Shield-Bearer (Formicid Fighter)           Turns: 182, Time: 00:00:53

Health: -6/24      AC:  6    Str: 27    XL:     2   Next: 80%
Magic:  2/2        EV:  8    Int:  7    God:
Gold:   0          SH: 10    Dex: 10    Spells: 1/1 levels left

rFire    . . .     SeeInvis +   a - +0 war axe
rCold    . . .     Gourm    .   c - +0 shield
rNeg     . . .     Faith    .   b - +0 scale mail
rPois    .         Spirit   .   (helmet unavailable)
rElec    .         Reflect  .   (no cloak)
rCorr    .         Harm     .   (no gloves)
MR       .....                  (no boots)
Stlth    ..........             (no amulet)
HPRegen  0.08/turn              e - +2 ring of strength
MPRegen  0.08/turn              (no ring)

@: mighty
A: permanent stasis, dig shafts and tunnels, four strong arms, antennae 3
a: Dig, Shaft Self


You were on level 4 of the Dungeon.
You were not hungry.

You visited 1 branch of the dungeon, and saw 3 of its levels.

Inventory:

Hand Weapons
 a - a +0 war axe (weapon)
Armour
 b - a +0 scale mail (worn)
 c - a +0 shield (worn)
Jewellery
 e - a +2 ring of strength (left hand)
Scrolls
 g - a scroll of remove curse {unknown}
 h - a scroll of enchant weapon {unknown}
Potions
 i - a potion of heal wounds {unknown}
Comestibles
 f - a ration


   Skills:
 + Level 3.4 Fighting
 * Level 2.4 Axes
 + Level 3.4 Armour
 + Level 0.4 Dodging
 + Level 3.8 Shields


You had one spell level left.
You didn't know any spells.
Your spell library was empty.

Dungeon Overview and Level Annotations

Branches:
Dungeon (2/15)

Altars:


Innate Abilities, Weirdness & Mutations

You cannot be hasted, slowed, berserked, paralysed or teleported.
You can dig through walls and to a lower floor.
Your four strong arms can wield two-handed weapons with a shield.
You have a pair of large antennae on your head. (SInv)


Message History

No target in view!
No target in view!
You sense a monster nearby.
No target in view!
An ogre comes into view. It is wielding a +0 giant club.
The ogre shouts!
Found an orange potion.
You see here an orange potion.
i - an orange potion You feel very mighty all of a sudden.
You hit the ogre.
The ogre is lightly wounded.
The ogre hits you with a +0 giant club!
Ouch! That really hurt!
* * * LOW HITPOINT WARNING * * *
You hit the ogre.
The ogre is moderately wounded.
The ogre hits you with a +0 giant club!
Ouch! That really hurt!
You die...

## #.#.. ... #.#.#
#.##.#.# ....#.####
###.......#
#....#.##.# #
...#.#....##.###.###
#...........O@....#
#####...#########.#
##.## #.# #.# ##'##
##...## # ##.....##
## ##.......#


You could see an ogre.

Vanquished Creatures
  A howler monkey skeleton (D:4)
  A goblin (D:1)
  A hobgoblin (D:1)
  3 bats
  2 frilled lizards
  2 rats (D:2)
10 creatures vanquished.

Notes
Turn   | Place    | Note
-------+----------+-------------------------------------------
     0 | D:1      | Lanoc the Formicid Fighter began the quest for the Orb.
     0 | D:1      | Reached XP level 1. HP: 18/18 MP: 1/1
   115 | D:1      | You fall through a shaft!
   129 | D:2      | Reached XP level 2. HP: 24/24 MP: 2/2
   146 | D:2      | You fall through a shaft for 2 floors!
   169 | D:4      | Noticed an ogre
   182 | D:4      | Mangled by an ogre

Levels and vault maps discovered:
D:1:      dpeg_arrival_rooms_b, layout_loops_ring, serial_glass,
          glass_columns_b, glass_columns_b, item_on_display_a
D:2:      layout_basic, minivault_27, uniq_terence
D:4:      layout_loops_corners, temple_fountains

Action                   || total
-------------------------++-------
Melee: War axe           ||    36
 Abil: Shaft Self        ||     2
  Use: Potion            ||     1
Armor: Scale mail        ||    25
Dodge: Dodged            ||    15
Block: Shield            ||    17

Table legend:
 A = Non-vault XP
 B = Vault XP
 C = Vault XP percentage of total XP
 D = Non-vault monster count
 E = Vault monster count
 F = Vault count percentage of total count
                 A         B        C        D         E       F
            +---------+---------+-------+---------+---------+-------
      Total |      25 |       0 |   0.0 |      10 |       0 |   0.0
            +---------+---------+-------+---------+---------+-------
        D:1 |       7 |       0 |   0.0 |       5 |       0 |   0.0
        D:2 |       3 |       0 |   0.0 |       3 |       0 |   0.0
        D:4 |      15 |       0 |   0.0 |       2 |       0 |   0.0
            +---------+---------+-------+---------+---------+-------
